 Dungeon Crawl Stone Soup version 0.27.1-1-g398f81649c (webtiles) character file.

Game seed: 13430336576712982876

832 acemry the Sneak (level 7, -3/43 HPs)
             Began as an Octopode Transmuter on Sept 9, 2021.
             Succumbed to a water moccasin's poison
             ... on level 4 of the Dungeon on Sept 10, 2021.
             The game lasted 00:09:50 (5217 turns).

acemry the Sneak (Octopode Transmuter)              Turns: 5217, Time: 00:09:51

Health: -3/43      AC:  2    Str: 10    XL:     7   Next: 98%
Magic:  10/10      EV: 19    Int: 17    God:
Gold:   216        SH:  0    Dex: 17    Spells: 6/10 levels left

rFire    . . .     SeeInvis +     - Unarmed
rCold    . . .     Faith    .   (shield currently unavailable)
rNeg     . . .     Spirit   .   (helmet currently unavailable)
rPois    x         Reflect  .   q - amulet of the acrobat
rElec    .         Harm     .   g - ring of see invisible
rCorr    .         Rampage  .   (no ring)
Will     .....                  (no ring)
Stlth    ++++......             (no ring)
HPRegen  0.14/turn              (no ring)
MPRegen  0.12/turn              (no ring)
                                (no ring)
                                (no ring)

@: lethally poisoned (-3 -> -30), spider-form, flying
A: venomous fangs, almost no armour, (amphibious), 8 rings, tiny, (camouflage
1), (gelatinous body 1), (nimble swimmer 1), (tentacles), (antennae 1),
(tentacle spike 1)
a: End Transformation


You were on level 4 of the Dungeon.
You were a venomous arachnid creature.
You visited 1 branch of the dungeon, and saw 4 of its levels.

You collected 216 gold pieces.

Inventory:

Hand Weapons
 a - a +3 vampiric spear (melded)
 b - a +2 dagger of venom
Missiles
 f - a throwing net
Armour
 e - a +2 hat (melded)
Magical Staves
 n - a staff of conjuration
Jewellery
 g - a ring of see invisible (left front leg)
 q - an amulet of the acrobat (around neck)
Wands
 j - a wand of digging (5)
Scrolls
 c - a scroll of enchant armour {unknown}
 h - 3 scrolls of amnesia
 i - a scroll of fear {unknown}
Potions
 d - a potion of mutation
 m - a potion of haste
 o - a potion of brilliance


   Skills:
 - Level 1.0 Fighting
 - Level 1.1 Polearms
 - Level 2.0 Dodging
 - Level 6.7 Stealth
 - Level 3.0 Unarmed Combat
 - Level 2.0 Spellcasting
 + Level 5.2 Transmutations
 * Level 5.8 Poison Magic


You had 6 spell levels left.
You knew the following spells:

 Your Spells              Type           Power      Damage    Failure   Level
a - Beastly Appendage     Tmut           38%        N/A       9%          1
b - Spider Form           Tmut/Pois      10%        N/A       17%         3

Your spell library contained the following spells:

 Spells                   Type           Power      Damage    Failure   Level
 Wereblood                Tmut           19%        N/A       11%         2
 Animate Skeleton         Necr           2%         N/A       38%         1
 Pain                     Necr           4%         1d4       38%         1
 Vampiric Draining        Necr           0%         2d6       71%         3
 Ice Form                 Ice/Tmut       10%        N/A       75%         4


Dungeon Overview and Level Annotations

Branches:
Dungeon (4/15)
 Temple: D:4-7

Altars:
Ashenzari
Wu Jian

Shops:
D:2 *

Annotations:
D:3 2 transporters, speeev33's ghost, amateur HOFi


Innate Abilities, Weirdness & Mutations

You are a venomous arachnid creature.
You have poisonous fangs.
You are tiny and dextrous.
Your spellcasting is less reliable in this form.
Your armour is entirely melded.
You are incapable of wielding weapons or throwing items.
You cannot wear most types of armour.
((You are amphibious.))
You can wear up to eight rings at the same time.
((Your skin changes colour to match your surroundings (Stealth+).))
((Your rubbery body absorbs attacks. (AC +1, EV +1)))
((You are camouflaged near water. (Stealth+)))
((You have tentacles for arms and can constrict up to eight enemies at once.))
((You have a pair of small antennae on your head.))
((One of your tentacles bears a spike.))


Message History

You closely miss the water moccasin.
The water moccasin is lightly wounded.
The adder bites you but does no damage. The water moccasin bites you!
You are lethally poisoned!
The water moccasin poisons you! The quokka misses you.
The adder closely misses you.
You hit the water moccasin but do no damage.
The water moccasin is poisoned.
The water moccasin is lightly wounded.
You feel extremely sick. The water moccasin closely misses you.
The quokka barely misses you. The adder misses you.
You barely miss the water moccasin.
The water moccasin is moderately wounded.
You feel very sick. The water moccasin bites you.
You are more poisoned.
The water moccasin poisons you! The adder barely misses you.
The quokka barely misses you. The water moccasin closely misses you.
* * * LOW HITPOINT WARNING * * *
You feel extremely sick.
You feel better. The adder misses you.
The water moccasin completely misses you.
You closely miss the water moccasin.
The water moccasin is moderately wounded.
The water moccasin barely misses you.
You hit the water moccasin.
The water moccasin is heavily wounded.
The water moccasin bites you.
* * * LOW HITPOINT WARNING * * *
You are lethally poisoned!
The water moccasin poisons you! The water moccasin misses you.
It was a potion of magic.
Magic courses through your body.
* * * LOW HITPOINT WARNING * * *
You feel extremely sick. The water moccasin misses you.
It was a potion of flight.
You feel very buoyant.
You fly up into the air.
You die...

####### .......
.≈...≈. ###
###...$... #<#
#.'r...$.. #.#
#r#...$... #.#
#S#.≈...≈.### #.#
#S#.......#.####.#
#s#########.#....#
#.####......#....#
#...........#....#
######......#....#
#......#....#
#.>..........
#............
#...........#
#.......#....


You could see a water moccasin (poisoned), an adder and a quokka.

Vanquished Creatures
  A black bear (D:4)
  A bullfrog (D:3)
  A water moccasin skeleton (D:4)
  A howler monkey (D:3)
  2 bullfrog zombies (D:4)
  A jelly (D:4)
  A bullfrog skeleton (D:3)
  Ijyb (D:3)
  An iguana (D:4)
  2 scorpion zombies (D:4)
  Natasha (thrice) (D:3)
  5 hound zombies (D:4)
  3 hound skeletons (D:4)
  A howler monkey zombie (D:4)
  3 gnolls (D:4)
  5 adders
  2 adder zombies (D:4)
  4 adder skeletons (D:4)
  2 worms
  A dart slug (D:1)
  An orc (D:3)
  9 ball pythons
  7 endoplasms
  3 giant cockroaches
  4 goblins
  2 hobgoblins
  5 quokkas
  3 bats
  4 frilled lizards
  7 kobolds
  A rat (D:2)
87 creatures vanquished.

Notes
Turn   | Place    | Note
-------+----------+-------------------------------------------
     0 | D:1      | acemry the Octopode Transmuter began the quest for the Orb.
     0 | D:1      | Reached XP level 1. HP: 13/13 MP: 3/3
    17 | D:1      | Reached skill level 1 in Stealth
   225 | D:1      | Reached XP level 2. HP: 18/18 MP: 3/5
   232 | D:1      | Reached skill level 2 in Stealth
  1204 | D:1      | Reached XP level 3. HP: 23/23 MP: 4/6
  1208 | D:1      | Learned a level 3 spell: Spider Form
  1364 | D:1      | Found a faded altar of an unknown god.
  1820 | D:2      | Found Utrich's General Store.
  1973 | D:2      | Reached skill level 3 in Stealth
  2271 | D:3      | Reached skill level 1 in Poison Magic
  2279 | D:3      | Reached XP level 4. HP: 17/28 MP: 7/7
  2411 | D:3      | Noticed Ijyb
  2425 | D:3      | Killed Ijyb
  2426 | D:3      | Reached skill level 4 in Stealth
  2591 | D:3      | Reached XP level 5. HP: 14/33 MP: 6/8
  2604 | D:3      | Reached skill level 5 in Stealth
  2785 | D:3      | Found a transporter.
  2798 | D:3      | Noticed Natasha
  2805 | D:3      | Killed Natasha
  2919 | D:3      | Reached skill level 6 in Stealth
  2919 | D:3      | Reached XP level 6. HP: 30/38 MP: 9/9
  3251 | D:3      | Noticed Natasha
  3270 | D:3      | Killed Natasha
  3332 | D:3      | Noticed speeev33's ghost (amateur HOFi)
  3366 | D:3      | Found a transporter.
  3467 | D:3      | Noticed Natasha
  3540 | D:3      | Killed Natasha
  3631 | D:3      | Gained mutation: You have a pair of small antennae on your
                  | head. [potion of mutation]
  3631 | D:3      | Gained mutation: One of your tentacles bears a spike.
                  | [potion of mutation]
  3687 | D:4      | Reached skill level 1 in Polearms
  3906 | D:4      | Found a broken altar of Ashenzari.
  3909 | D:4      | Found an ornate altar of the Wu Jian Council.
  3943 | D:4      | Noticed a black bear
  3964 | D:4      | Reached XP level 7. HP: 21/43 MP: 3/10
  4315 | D:4      | Reached skill level 5 in Poison Magic
  4621 | D:4      | Reached skill level 5 in Transmutations
  5216 | D:4      | HP: 2/43 [poisoned by a water moccasin]
  5217 | D:4      | Succumbed to a water moccasin's poison

Illustrated notes

Levels and vault maps discovered:
D:1:      dpeg_arrival_chambers_temple_mockup, layout_loops_corners,
          shapermc_ecumenical_altar_hornbeckon
D:2:      layout_loops_ring, serial_shops, shop, minmay_small_reverse_x
D:3:      layout_basic, gammafunk_ghost_arena,
          minmay_fractal_squares_diagonal_5, uniq_ijyb, uniq_natasha
D:4:      layout_basic, mainiacjoe_overflow_catwalk_spiral, serial_undead,
          serial_undead_b, serial_undead_f, serial_undead_a, serial_undead_d,
          serial_undead_a, serial_undead_a, kennysheep_small_square

Skill      XL: |  1  2  3  4  5  6  7 |
---------------+----------------------+-----
Stealth        | 1 2 3 4 6 |  6.7
Poison Magic   | 1 2 3 5 |  5.8
Transmutations | 3 4 5 |  5.2
Polearms       | 1 |  1.1
Fighting       | |  1.0
Dodging        | |  2.0
Unarmed Combat | |  3.0
Spellcasting   | |  2.0

Action                   |  1- 3 |  4- 6 |  7- 9 || total
-------------------------+-------+-------+-------++-------
Melee: Unarmed           |    43 |     6 |    29 ||    78
       Kick              |    12 |    10 |    19 ||    41
       Constrict         |    16 |    18 |    13 ||    47
       Tentacles         |     7 |    11 |    12 ||    30
       Dagger            |    36 |    21 |       ||    57
       Punch             |     1 |     2 |     1 ||     4
       Spear             |       |    82 |    65 ||   147
 Cast: Beastly Appendage |    30 |     2 |       ||    32
       Spider Form       |       |     1 |     4 ||     5
  Use: Scroll            |     2 |     9 |       ||    11
       Potion            |       |     1 |     4 ||     5
 Stab: Sleeping          |    11 |    10 |       ||    21
Armor: Skin              |     5 |    10 |    11 ||    26
Dodge: Dodged            |    42 |    37 |    72 ||   151
